 Dungeon Sprint DCSS version 0.19-a0-895-gdbd5520 (webtiles) character file.

1724 LORDOFBUTT the Cleaver (level 8, -1/74 HPs)
             Began as a Demonspawn Gladiator on July 4, 2016.
             Was an Initiate of Gozag.
             Slain by an eight-headed hydra (12 damage)
             ... in the Dungeon (Sprint IX: "|||||||||||||||||||||||||||||").
             The game lasted 00:01:59 (769 turns).

LORDOFBUTT the Cleaver (Demonspawn Gladiator)        Turns: 769, Time: 00:02:00

Health: -1/74      AC: 15    Str: 16    XL:     8   Next: 75%
Magic:  8/8        EV: 12    Int:  9    God:    Gozag
Gold:   113        SH:  0    Dex: 19    Spells: 0 memorised, 7 levels left

rFire  + . .     SeeInvis .     q - +3 war axe (chop)
rCold  . . .     Gourm    .     p - +3 chain mail
rNeg   . . .     Faith    .     (no shield)
rPois  .         Spirit   .     c - +0 helmet
rElec  .         Dismiss  .     (no cloak)
rCorr  .         Reflect  .     (no gloves)
SustAt .         Harm     .     (no boots)
MR     .....     NoTele   +     (no amulet)
Stlth  ..........               (no ring)
                                o - +3 ring of dexterity

@: exhausted, gold aura, hasted and slowed, not resistant to hostile
enchantments, extremely unstealthy
A: claws 2, rugged brown scales 2, fire resistance 1, powered by pain 1
a: Potion Petition, Call Merchant, Bribe Branch, Renounce Religion


You were in the Dungeon.
You worshipped Gozag.
Gozag was noncommittal.
You were very hungry.

You visited 1 branch You collected 113 gold pieces.

Inventory:

Hand Weapons
 a - a +0 war axe
 q - a +3 war axe of chopping (weapon)
 r - a +2 dire flail of protection
Missiles
 d - 3 throwing nets (quivered)
Armour
 b - a +0 leather armour
 c - a +0 helmet (worn)
 p - a +3 chain mail (worn)
Jewellery
 o - a +3 ring of dexterity (left claw)
 s - a +3 ring of intelligence
Wands
 n - a wand of acid (7/15)
Scrolls
 k - 3 scrolls of blinking
 l - 3 scrolls of remove curse
 m - 2 scrolls of amnesia
 u - a scroll of recharging
 v - a scroll of fear
 x - a scroll of fog
Potions
 e - 6 potions of curing
 g - 9 potions of heal wounds
 i - 4 potions of magic
 j - a potion of invisibility
Comestibles
 f - a bread ration


   Skills:
 + Level 9.5 Fighting
 + Level 11.6 Axes
 + Level 3.6 Throwing
 + Level 4.8 Armour
 + Level 9.3 Dodging
 + Level 3.4 Stealth


You had 7 spell levels left.
You didn't know any spells.

Dungeon Overview and Level Annotations

Branches:
Dungeon (1/1)

Altars:
Cheibriados
Dithmenos
Elyvilon
Fedhas
Gozag
Hepliaklqana
Kikubaaqudgha
Makhleb
Nemelex Xobeh
Okawaru
Pakellas
Qazlal
Ru
Sif Muna
Trog
Uskayaw
Vehumet
Xom
Yredelemnul
Zin
The Shining One
Beogh
Jiyva
Lugonu


Innate Abilities, Weirdness & Mutations

You have very sharp fingernails.
You are mostly covered in rugged brown scales. (AC +2, +5% HP)
Your flesh is heat resistant. (rF+)
You sometimes gain a little power by taking damage.


Message History

The eight-headed hydra closely misses you. x2
The eight-headed hydra bites you!
* * * LOW HITPOINT WARNING * * *
The eight-headed hydra bites you.
* * * LOW HITPOINT WARNING * * *
The eight-headed hydra bites you but does no damage. x2
You are too berserk!
Unknown command.
You are too berserk!
You feel a strong urge to attack something.
You are no longer berserk.
You pass out from exhaustion.
You feel yourself slow down.
You are feeling very hungry.
You can move again.
You feel yourself speed up.
The eight-headed hydra closely misses you.
The eight-headed hydra bites you!
You die...
Your body crumbles into a pile of gold.

▓†▓.▓.▓
▓.▓.▓.▓
▓.▓.▓.▓
▓.▓.▓.▓
▓.▓.▓[▓
$
▓.▓.▓(▓
$
▓'▓.▓.▓
$
▓_▓.▓.▓
$
▓_▓.▓@▓
$
▓_▓.▓D▓
$
▓_▓.▓h▓
$
▓_▓.▓$▓
$
▓_▓.▓$▓
$
▓_▓.▓.▓
$
▓_▓.▓.▓
$
▓_▓.▓.▓
$
▓_▓.▓.▓
$


You could see an eight-headed hydra and a wolf.

Vanquished Creatures
  An ugly thing (D)
  A komodo dragon (D)
  A yak (D)
  A wraith (D)
  A water moccasin (D)
  A black bear (D)
  A sky beast (D)
  A centaur (D)
  A crocodile (D)
  A giant frog (D)
  3 scorpions (D)
  2 hounds (D)
  A jelly (D)
  An iguana (D)
  2 worker ants (D)
  A dart slug (D)
  A giant gecko (D)
  2 bat zombies (D)
  2 goblins (D)
  A bat (D)
  A giant gecko zombie (D)
  A kobold (D)
28 creatures vanquished.

Notes
Turn   | Place    | Note
-------+----------+-------------------------------------------
     0 | D        | LORDOFBUTT the Demonspawn Gladiator began the quest for the Orb.
     0 | D        | Reached XP level 1. HP: 16/16 MP: 1/1
     6 | D        | Reached skill level 3 in Axes
   125 | D        | Noticed a scorpion
   125 | D        | Noticed a worker ant
   125 | D        | Noticed a scorpion
   129 | D        | Killed a scorpion
   129 | D        | Reached skill level 5 in Axes
   129 | D        | Gained mutation: You have sharp fingernails. [demonic ancestry]
   129 | D        | Reached XP level 2. HP: 24/24 MP: 2/2
   129 | D        | Gained mutation: Your flesh is heat resistant. (rF+) [demonic ancestry]
   129 | D        | Reached XP level 3. HP: 29/29 MP: 3/3
   137 | D        | Reached skill level 5 in Dodging
   137 | D        | Gained mutation: You are partially covered in rugged brown scales. (AC +1, +3% HP) [demonic ancestry]
   137 | D        | Reached XP level 4. HP: 38/38 MP: 4/4
   139 | D        | Reached skill level 6 in Axes
   189 | D        | Found a glowing silver altar of Zin.
   189 | D        | Found a glowing golden altar of the Shining One.
   189 | D        | Found an ancient bone altar of Kikubaaqudgha.
   189 | D        | Found a basalt altar of Yredelemnul.
   189 | D        | Found a shimmering altar of Xom.
   189 | D        | Found a radiant altar of Vehumet.
   190 | D        | Found an iron altar of Okawaru.
   191 | D        | Found a burning altar of Makhleb.
   192 | D        | Found a deep blue altar of Sif Muna.
   193 | D        | Found a bloodstained altar of Trog.
   194 | D        | Found a sparkling altar of Nemelex Xobeh.
   195 | D        | Found a white marble altar of Elyvilon.
   196 | D        | Found a roughly hewn altar of Beogh.
   197 | D        | Found a viscous altar of Jiyva.
   198 | D        | Found a corrupted altar of Lugonu.
   199 | D        | Found a blossoming altar of Fedhas.
   200 | D        | Found a snail-covered altar of Cheibriados.
   201 | D        | Found a shadowy altar of Dithmenos.
   202 | D        | Found a stormy altar of Qazlal.
   203 | D        | Found an opulent altar of Gozag.
   204 | D        | Found a sacrificial altar of Ru.
   205 | D        | Found an oddly glowing altar of Pakellas.
   206 | D        | Found a hide-covered altar of Uskayaw.
   207 | D        | Found a hazy altar of Hepliaklqana.
   211 | D        | Became a worshipper of Gozag Ym Sagoz the Greedy
   256 | D        | Noticed a centaur
   268 | D        | Gained mutation: You have very sharp fingernails. [demonic ancestry]
   268 | D        | Reached XP level 5. HP: 43/44 MP: 5/5
   276 | D        | Reached skill level 5 in Fighting
   276 | D        | Reached skill level 7 in Axes
   285 | D        | Killed a centaur
   285 | D        | Reached skill level 8 in Axes
   285 | D        | Reached skill level 1 in Armour
   285 | D        | Gained mutation: You are mostly covered in rugged brown scales. (AC +2, +5% HP) [demonic ancestry]
   285 | D        | Reached XP level 6. HP: 43/54 MP: 6/6
   287 | D        | Reached skill level 1 in Stealth
   355 | D        | Noticed a green ugly thing
   355 | D        | Noticed a wraith
   355 | D        | Noticed a sky beast
   373 | D        | Killed a green ugly thing
   373 | D        | Reached skill level 10 in Axes
   373 | D        | Gained mutation: You sometimes gain a little power by taking damage. [demonic ancestry]
   373 | D        | Reached XP level 7. HP: 43/64 MP: 7/7
   393 | D        | Killed a wraith
   407 | D        | Reached XP level 8. HP: 30/72 MP: 8/8
   725 | D        | Noticed a komodo dragon
   732 | D        | Noticed a seven-headed hydra
   734 | D        | Reached skill level 11 in Axes
   762 | D        | Killed a komodo dragon
   769 | D        | Slain by an eight-headed hydra

Vault maps used:
D:        linesprint

Skill      XL: |  1  2  3  4  5  6  7  8 |
---------------+-------------------------+-----
Axes           | 5 6 8 10 11 | 11.6
Dodging        | 4 5 6 7 8 9 |  9.3
Throwing       | 2 3 |  3.6
Fighting       | 3 4 5 7 8 9 |  9.5
Armour         | 1 2 3 4 |  4.8
Stealth        | 2 3 |  3.4

Action                   |  1- 3 |  4- 6 |  7- 9 || total
-------------------------+-------+-------+-------++-------
Melee: War axe           |    23 |    49 |    69 ||   141
  Use: Potion            |     1 |       |     2 ||     3
       Scroll            |       |       |     2 ||     2
 Stab: Distracted        |       |     1 |     1 ||     2
Armor: Leather armour    |     7 |       |       ||     7
       Chain mail        |       |    29 |    30 ||    59
Dodge: Dodged            |    14 |    25 |    36 ||    75
